WCHLSIM.com - West Coast Hockey League
html PUBLIC "-//W3C//DTD XHTML 1.0 Transitional//EN" "http://www.w3.org/TR/xhtml1/DTD/xhtml1-transitional.dtd"> WCHL - Game 928 - LAS VEGAS LIZARD KINGS vs SAN DIEGO THUNDER

LAS VEGAS LIZARD KINGS vs SAN DIEGO THUNDER

Created - 5 avril 2021 at 20:23

Goals
1 2 3 OT1 SO T
LAS VEGAS LIZARD KINGS 0 1 1 0 2 3
SAN DIEGO THUNDER 0 2 0 0 1 2
Shots
1 2 3 OT1 SO T
LAS VEGAS LIZARD KINGS 5 4 15 1 3 25
SAN DIEGO THUNDER 14 12 9 4 3 39

1st period

No Goal

Penalties :
Mark Borowiecki (SDG) for Hooking (Minor) at 1:27, Marcus Foligno (SDG) for Roughing (Minor) at 6:29, Ryan Nugent-Hopkins (LVG) for Holding (Minor) at 13:18

2nd period

1. LAS VEGAS LIZARD KINGS , Johnny Gaudreau 26 (Ryan Nugent-Hopkins 34, Matt Niskanen 21) at 7:20
2. SAN DIEGO THUNDER , Logan Couture 22 (Ilya Mikheyev 21, David Perron 37) at 13:23
3. SAN DIEGO THUNDER , David Perron 19 (Logan Couture 30) at 15:33

Penalties :
Brayden McNabb (LVG) for Holding (Minor) at 3:21, Victor Olofsson (LVG) for Hooking (Minor) at 8:51

3rd period

4. LAS VEGAS LIZARD KINGS , Matt Niskanen 7 (Nick Leddy 6, Ryan Nugent-Hopkins 35) at 14:23 (PP)

Penalties :
Erik Johnson (SDG) for Elbowing (Minor) at 0:46, Matt Niskanen (LVG) for Roughing (Minor) at 9:59, Deryk Engelland (SDG) for Hooking (Minor) at 12:43, Deryk Engelland (SDG) for Roughing (Minor) at 17:18

Overtime #1

No Goal

Penalties :
No Penalty

Shootout

LAS VEGAS LIZARD KINGS, Johnny Gaudreau - Goal!
SAN DIEGO THUNDER, Mark Scheifele - Goal!
LAS VEGAS LIZARD KINGS, Sean Monahan - Goal!
SAN DIEGO THUNDER, David Perron - Stopped by Marc-Andre Fleury
LAS VEGAS LIZARD KINGS, Ryan Nugent-Hopkins - Stopped by Connor Hellebuyck
SAN DIEGO THUNDER, Evander Kane - Stopped by Marc-Andre Fleury

Penalties :
No Penalty

Goalie Stats

Marc-Andre Fleury (LVG), 37 saves from 39 shots - (0,949), W, 25-18-4, 65:00 minutes
Connor Hellebuyck (SDG), 23 saves from 25 shots - (0,920), OTL, 34-10-5, 65:00 minutes

Players Stats for LAS VEGAS LIZARD KINGS

Player Name              G  A  P  +/- PIM S  H  SB GA TA FO     MP     PP MP  PK MP  
------------------------------------------------------------------------------------
Barclay Goodrow          0  0  0  -2  0   0  4  0  0  0  11/17  23:32   4:48   4:10 
Bobby Ryan               0  0  0   0  0   1  0  0  0  0  1/1     7:27   0:00   3:05 
Brayden McNabb           0  0  0   1  2   0  0  3  0  0  0/0    21:18   0:08   3:36 
Derek Ryan               0  0  0   0  0   0  0  0  0  0  6/11   11:24   0:08   0:44 
Drake Caggiula           0  0  0   0  0   1  0  0  0  0  1/1    10:43   0:08   0:03 
Evan Rodrigues           0  0  0   0  0   0  0  0  0  0  0/0     4:22   0:00   0:00 
Jeff Skinner             0  0  0   0  0   1  0  0  0  0  0/4    15:24   4:48   0:00 
John Marino              0  0  0   0  0   0  1  0  0  0  0/0    21:50   5:01   3:34 
Johnny Gaudreau          1  0  1   1  0   5  0  0  0  0  1/2    22:57   5:01   0:00 
Matt Niskanen            1  1  2   1  2   1  0  4  0  0  0/0    26:29   4:27   3:01 
Matt Roy                 0  0  0  -2  0   0  1  1  0  0  0/0    14:00   0:08   0:00 
Nick Leddy               0  1  1   0  0   1  1  0  0  0  0/0    19:10   4:27   1:31 
Nino Niederreiter        0  0  0  -2  0   1  0  0  0  0  1/1    23:07   4:48   3:45 
Olli Maatta              0  0  0  -2  0   1  1  1  0  0  0/0    17:10   0:00   4:10 
Ryan Nugent-Hopkins      0  2  2   1  2   8  2  0  0  0  8/20   19:45   4:40   0:00 
Sean Monahan             0  0  0  -2  0   1  0  0  0  0  15/23  21:04   4:40   1:06 
Victor Olofsson          0  0  0   1  2   4  1  0  0  0  0/3    19:49   4:40   0:00 
Zemgus Girgensons        0  0  0   0  0   0  1  0  0  0  1/5     7:29   0:08   2:59 

Players Stats for SAN DIEGO THUNDER

Player Name              G  A  P  +/- PIM S  H  SB GA TA FO     MP     PP MP  PK MP  
------------------------------------------------------------------------------------
Andrew Cogliano          0  0  0   0  0   0  0  0  0  0  0/0     4:20   0:00   1:15 
Charles McAvoy           0  0  0   1  0   2  0  4  0  0  0/0    25:46   4:09   5:12 
Connor Murphy            0  0  0   0  0   0  1  0  0  0  0/0    26:44   3:19   5:08 
David Perron             1  1  2   2  0   6  0  0  0  0  1/1    20:23   3:50   0:00 
Deryk Engelland          0  0  0   0  4   1  4  0  0  0  0/0    12:57   0:00   0:29 
Erik Johnson             0  0  0   0  2   1  0  2  0  0  0/0    24:09   3:47   3:43 
Evander Kane             0  0  0  -1  0   5  3  0  0  0  2/7    21:57   4:06   0:00 
Ilya Mikheyev            0  1  1   2  0   3  0  0  0  0  0/2    18:09   3:50   0:00 
Jay Beagle               0  0  0   0  0   1  1  0  0  0  3/3     3:05   0:00   0:00 
Jean-Gabriel Pageau      0  0  0   0  0   7  2  0  0  0  14/22  19:13   3:50   6:01 
Logan Couture            1  1  2   2  0   4  3  0  0  0  10/24  17:54   0:00   3:35 
Marcus Foligno           0  0  0   0  2   2  2  0  0  0  1/2    11:59   0:00   2:38 
Mark Borowiecki          0  0  0   1  2   0  2  1  0  0  0/0    16:22   0:00   2:49 
Mark Scheifele           0  0  0  -1  0   3  0  0  0  0  12/25  22:39   4:06   0:00 
Nikita Kucherov          0  0  0  -1  0   2  0  1  0  0  0/1    22:34   4:06   0:00 
Patrik Nemeth            0  0  0   0  0   0  0  3  0  0  0/0    12:30   0:00   0:00 
Rasmus Dahlin            0  0  0   0  0   1  0  0  0  0  0/0     6:28   4:37   1:51 
Ryan Hartman             0  0  0   0  0   1  0  0  0  0  0/1    18:10   0:00   5:43 

3 Stars

1 - Logan Couture (SDG)
2 - Marc-Andre Fleury (LVG)
3 - David Perron (SDG)

Power Play

LAS VEGAS LIZARD KINGS - 1 on 5 Attempt(s) - 20,00%
SAN DIEGO THUNDER - 0 on 4 Attempt(s) - 0,00%

Penalty Kill

LAS VEGAS LIZARD KINGS - 4 on 4 Attempt(s) - 100,00% - Score 0 goal in Penalty Kill
SAN DIEGO THUNDER - 4 on 5 Attempt(s) - 80,00% - Score 0 goal in Penalty Kill

Team Stat

LAS VEGAS LIZARD KINGS - Hits : 12 - Faceoff Wins : 45 - Blocked Shots : 9 - Penalty Minutes : 8
SAN DIEGO THUNDER - Hits : 18 - Faceoff Wins : 43 - Blocked Shots : 11 - Penalty Minutes : 10

Official

Referees : Jim Curtin and Dan O'Rourke
Linesman : Derek Amell and Scott Driscoll

Game Notes

No Game Note

Finance

Level 1 -- Attendance: 4660 (74,32%) -- Ticket Income 815 500 $
Level 2 -- Attendance: 4043 (76,00%) -- Ticket Income 485 160 $
Level 3 -- Attendance: 1670 (79,90%) -- Ticket Income 167 000 $
Level 4 -- Attendance: 3524 (81,57%) -- Ticket Income 246 680 $
Luxury Box -- Attendance: 921 (92,10%) -- Ticket Income 267 090 $
Total Attendance: 14818 (77,99%)
Total Ticket Income: 1 981 430 $
Other Expense: 19 814 $
Total Income: 1 961 616 $

LAS VEGAS LIZARD KINGS

5 vs 5 Forward 
   Center                   Left Wing                Right Wing               Time % Phy DF OF 
 1 Ryan Nugent-Hopkins      Johnny Gaudreau          Victor Olofsson          40     0   1  4  
 2 Sean Monahan             Barclay Goodrow          Nino Niederreiter        35     0   2  3  
 3 Derek Ryan               Jeff Skinner             Drake Caggiula           20     0   3  2  
 4 Zemgus Girgensons        Bobby Ryan               Evan Rodrigues           5      0   4  1  

5 vs 5 Defense 
   Defense                  Defense                                           Time % Phy DF OF 
 1 Matt Niskanen            Brayden McNabb                                    45     0   2  3  
 2 Nick Leddy               John Marino                                       35     0   2  3  
 3 Matt Roy                 Olli Maatta                                       20     1   2  2  
 4 Matt Niskanen            John Marino                                       0      1   2  2  

PowerPlay Forward 
   Center                   Left Wing                Right Wing               Time % Phy DF OF 
 1 Sean Monahan             Ryan Nugent-Hopkins      Victor Olofsson          80     0   0  5  
 2 Barclay Goodrow          Jeff Skinner             Nino Niederreiter        20     0   1  4  

PowerPlay Defense
   Defense                  Defense                                           Time % Phy DF OF 
 1 Johnny Gaudreau          John Marino                                       80     0   0  5  
 2 Matt Niskanen            Nick Leddy                                        20     0   1  4  

Penalty Kill 4 Players Forward 
   Center                   Wing                     Time % Phy DF OF 
 1 Barclay Goodrow          Nino Niederreiter        70     0   5  0  
 2 Derek Ryan               Bobby Ryan               30     0   5  0  

Penalty Kill 4 Players Defense
   Defense                  Defense                  Time % Phy DF OF 
 1 Olli Maatta              Brayden McNabb           65     0   5  0  
 2 Matt Niskanen            John Marino              35     0   5  0  

Penalty Kill - 3 Players Forward 
   Forward                                           Time % Phy DF OF 
 1 Barclay Goodrow                                   55     1   4  0  
 2 Derek Ryan                                        45     1   4  0  

Penalty Kill - 3 Players Defense
   Defense                  Defense                  Time % Phy DF OF 
 1 Nick Leddy               Brayden McNabb           55     1   2  2  
 2 Matt Roy                 Olli Maatta              45     1   2  2  

4 vs 4 Forward 
   Center                   Wing                     Time % Phy DF OF 
 1 Sean Monahan             Johnny Gaudreau          55     0   1  4  
 2 Ryan Nugent-Hopkins      Nino Niederreiter        45     0   3  2  

4 vs 4 Defense
   Defense                  Defense                  Time % Phy DF OF 
 1 Matt Niskanen            Brayden McNabb           55     1   2  2  
 2 Nick Leddy               John Marino              45     1   2  2  

Last Minutes Offensive
   Center                   Left Wing                Right Wing               Defense                  Defense                  
   Ryan Nugent-Hopkins      Johnny Gaudreau          Victor Olofsson          Matt Niskanen            John Marino              

Last Minutes Defensive
   Center                   Left Wing                Right Wing               Defense                  Defense                  
   Barclay Goodrow          Ryan Nugent-Hopkins      Nino Niederreiter        John Marino              Brayden McNabb           

Goaltenders
Starting : Marc-Andre Fleury        
Backup : Alex Stalock             

Extra Forwards
Normal : Ryan Nugent-Hopkins, Barclay Goodrow, Bobby Ryan - PP : Barclay Goodrow, Derek Ryan - PK : Bobby Ryan
Extra Defensemen
Normal : Matt Roy, Nick Leddy, Olli Maatta - PP : Matt Roy - PK : Matt Niskanen, Olli Maatta
Penalty Shots
Johnny Gaudreau, Sean Monahan, Ryan Nugent-Hopkins, Victor Olofsson, Jeff Skinner
Custom OT Lines Forwards
Sean Monahan, Johnny Gaudreau, Barclay Goodrow, Nino Niederreiter, Victor Olofsson, Jeff Skinner, Drake Caggiula, Derek Ryan, Bobby Ryan, Zemgus Girgensons
Custom OT Lines Defensemen
Matt Niskanen, Brayden McNabb, John Marino, Olli Maatta, Matt Roy

Scratches
Mirco Mueller (Healthy)

SAN DIEGO THUNDER

5 vs 5 Forward 
   Center                   Left Wing                Right Wing               Time % Phy DF OF 
 1 Mark Scheifele           Evander Kane             Nikita Kucherov          35     1   1  3  
 2 Logan Couture            David Perron             Ilya Mikheyev            33     1   1  3  
 3 Jean-Gabriel Pageau      Marcus Foligno           Ryan Hartman             26     0   3  2  
 4 Jay Beagle               Andrew Cogliano          Ryan Hartman             6      0   4  1  

5 vs 5 Defense 
   Defense                  Defense                                           Time % Phy DF OF 
 1 Erik Johnson             Connor Murphy                                     36     0   3  2  
 2 Mark Borowiecki          Charles McAvoy                                    31     0   3  2  
 3 Deryk Engelland          Patrik Nemeth                                     18     0   4  1  
 4 Connor Murphy            Erik Johnson                                      15     0   2  3  

PowerPlay Forward 
   Center                   Left Wing                Right Wing               Time % Phy DF OF 
 1 Mark Scheifele           Evander Kane             Nikita Kucherov          55     0   0  5  
 2 Jean-Gabriel Pageau      David Perron             Ilya Mikheyev            45     0   0  5  

PowerPlay Defense
   Defense                  Defense                                           Time % Phy DF OF 
 1 Rasmus Dahlin            Charles McAvoy                                    55     0   0  5  
 2 Erik Johnson             Rasmus Dahlin                                     45     0   0  5  

Penalty Kill 4 Players Forward 
   Center                   Wing                     Time % Phy DF OF 
 1 Jean-Gabriel Pageau      Ryan Hartman             55     0   4  1  
 2 Logan Couture            Marcus Foligno           45     0   4  1  

Penalty Kill 4 Players Defense
   Defense                  Defense                  Time % Phy DF OF 
 1 Mark Borowiecki          Connor Murphy            55     0   4  1  
 2 Erik Johnson             Charles McAvoy           45     0   4  1  

Penalty Kill - 3 Players Forward 
   Forward                                           Time % Phy DF OF 
 1 Ryan Hartman                                      55     0   4  1  
 2 Jean-Gabriel Pageau                               45     0   4  1  

Penalty Kill - 3 Players Defense
   Defense                  Defense                  Time % Phy DF OF 
 1 Erik Johnson             Connor Murphy            55     0   4  1  
 2 Charles McAvoy           Mark Borowiecki          45     0   4  1  

4 vs 4 Forward 
   Center                   Wing                     Time % Phy DF OF 
 1 Mark Scheifele           Nikita Kucherov          55     0   2  3  
 2 Logan Couture            David Perron             45     0   2  3  

4 vs 4 Defense
   Defense                  Defense                  Time % Phy DF OF 
 1 Charles McAvoy           Connor Murphy            55     1   2  2  
 2 Erik Johnson             Mark Borowiecki          45     1   2  2  

Last Minutes Offensive
   Center                   Left Wing                Right Wing               Defense                  Defense                  
   Mark Scheifele           David Perron             Nikita Kucherov          Charles McAvoy           Rasmus Dahlin            

Last Minutes Defensive
   Center                   Left Wing                Right Wing               Defense                  Defense                  
   Mark Scheifele           Evander Kane             Ilya Mikheyev            Charles McAvoy           Connor Murphy            

Goaltenders
Starting : Connor Hellebuyck        
Backup : Louis Domingue           

Extra Forwards
Normal : Mark Scheifele, David Perron, Evander Kane - PP : Mark Scheifele, Marcus Foligno - PK : Ryan Hartman
Extra Defensemen
Normal : Connor Murphy, Charles McAvoy, Rasmus Dahlin - PP : Charles McAvoy - PK : Connor Murphy, Charles McAvoy
Penalty Shots
Mark Scheifele, David Perron, Evander Kane, Jean-Gabriel Pageau, Ilya Mikheyev
Custom OT Lines Forwards
Mark Scheifele, Nikita Kucherov, David Perron, Evander Kane, Logan Couture, Ilya Mikheyev, Jean-Gabriel Pageau, Marcus Foligno, Ryan Hartman, Jay Beagle
Custom OT Lines Defensemen
Charles McAvoy, Connor Murphy, Erik Johnson, Mark Borowiecki, Deryk Engelland

Scratches
Robert Fabbri (Healthy)

% Time on Ice - LAS VEGAS LIZARD KINGS

Lines # - Real PCT - Wanted PCT - Time Play
Normal Forward
1 - 36% - 40% - 15:06
2 - 29% - 35% - 12:28
3 - 25% - 20% - 10:32
4 - 10% - 5% - 4:22
Normal Defense
1 - 36% - 45% - 15:25
2 - 31% - 35% - 13:12
3 - 31% - 20% - 13:00
4 - 2% - 0% - 0:51
PP Forward
1 - 50% - 80% - 4:48
2 - 50% - 20% - 4:48
PP Defense
1 - 54% - 80% - 5:09
2 - 46% - 20% - 4:27
PK Forward
1 - 91% - 70% - 7:12
2 - 9% - 30% - 0:44
PK Defense
1 - 60% - 65% - 4:45
2 - 40% - 35% - 3:11
PK3 Forward
1 - 0% - 55%
2 - 0% - 45%
PK3 Defense
1 - 0% - 55%
2 - 0% - 45%
44 Forward
1 - 0% - 55%
2 - 0% - 45%
44 Defense
1 - 0% - 55%
2 - 0% - 45%
Last Minute Offensive  - 0:00
Last Minute Defensive  - 0:00
Total
Forward - 60:00
Defense - 60:00

% Time on Ice - SAN DIEGO THUNDER

Lines # - Real PCT - Wanted PCT - Time Play
Normal Forward
1 - 37% - 35% - 15:42
2 - 34% - 33% - 14:19
3 - 22% - 26% - 9:22
4 - 7% - 6% - 3:05
Normal Defense
1 - 33% - 36% - 13:50
2 - 32% - 31% - 13:34
3 - 29% - 18% - 12:30
4 - 6% - 15% - 2:34
PP Forward
1 - 52% - 55% - 4:06
2 - 48% - 45% - 3:50
PP Defense
1 - 52% - 55% - 4:09
2 - 48% - 45% - 3:47
PK Forward
1 - 63% - 55% - 6:01
2 - 37% - 45% - 3:35
PK Defense
1 - 41% - 55% - 3:55
2 - 59% - 45% - 5:41
PK3 Forward
1 - 0% - 55%
2 - 0% - 45%
PK3 Defense
1 - 0% - 55%
2 - 0% - 45%
44 Forward
1 - 0% - 55%
2 - 0% - 45%
44 Defense
1 - 0% - 55%
2 - 0% - 45%
Last Minute Offensive  - 0:00
Last Minute Defensive  - 0:00
Total
Forward - 60:00
Defense - 60:00

Play-by-Play

1st period


0:01 of 1st period - Mark Scheifele wins face-off versus Ryan Nugent-Hopkins in neutral zone.
0:46 of 1st period - Shot by Mark Scheifele.
0:46 of 1st period - Stopped by Marc-Andre Fleury without a rebound.
0:47 of 1st period - Sean Monahan wins face-off versus Logan Couture in LAS VEGAS LIZARD KINGS zone.
0:47 of 1st period - Sean Monahan is hit by Mark Borowiecki.
0:50 of 1st period - Nino Niederreiter is hit by Logan Couture and loses puck.
1:27 of 1st period - Minor Penalty to Mark Borowiecki for Hooking.
1:28 of 1st period - Jean-Gabriel Pageau wins face-off versus Victor Olofsson in SAN DIEGO THUNDER zone.
1:51 of 1st period - Shot by Johnny Gaudreau.
1:51 of 1st period - Stopped by Connor Hellebuyck without a rebound.
1:52 of 1st period - Logan Couture wins face-off versus Jeff Skinner in SAN DIEGO THUNDER zone.
2:46 of 1st period - Shot by Johnny Gaudreau.
2:46 of 1st period - Shot Misses the Net.
2:48 of 1st period - Shot by Sean Monahan.
2:48 of 1st period - Shot Misses the Net.
2:50 of 1st period - Shot by Ryan Nugent-Hopkins.
2:50 of 1st period - Stopped by Connor Hellebuyck without a rebound.
2:51 of 1st period - Jean-Gabriel Pageau wins face-off versus Sean Monahan in SAN DIEGO THUNDER zone.
3:14 of 1st period - Ryan Hartman is hit by Victor Olofsson and loses puck.
3:28 of 1st period - Johnny Gaudreau is hit by Deryk Engelland and loses puck.
4:08 of 1st period - Shot by Evander Kane.
4:08 of 1st period - Shot Misses the Net.
5:22 of 1st period - Icing by Brayden McNabb.
5:23 of 1st period - David Perron wins face-off versus Jeff Skinner in LAS VEGAS LIZARD KINGS zone.
5:24 of 1st period - Shot by Ilya Mikheyev.
5:24 of 1st period - Shot Misses the Net.
5:57 of 1st period - Icing by Connor Murphy.
5:58 of 1st period - Sean Monahan wins face-off versus Logan Couture in SAN DIEGO THUNDER zone.
6:29 of 1st period - Minor Penalty to Marcus Foligno for Roughing.
6:30 of 1st period - Jean-Gabriel Pageau wins face-off versus Sean Monahan in SAN DIEGO THUNDER zone.
6:53 of 1st period - Shot by Ryan Nugent-Hopkins.
6:53 of 1st period - Shot Blocked by Charles McAvoy.
6:55 of 1st period - Shot by Ryan Nugent-Hopkins.
6:55 of 1st period - Shot Blocked by Erik Johnson.
6:57 of 1st period - Shot by Johnny Gaudreau.
6:57 of 1st period - Shot Blocked by Erik Johnson.
6:59 of 1st period - Shot by Victor Olofsson.
6:59 of 1st period - Stopped by Connor Hellebuyck without a rebound.
7:00 of 1st period - Barclay Goodrow wins face-off versus Logan Couture in SAN DIEGO THUNDER zone.
8:28 of 1st period - Shot by Ryan Nugent-Hopkins.
8:28 of 1st period - Shot Misses the Net.
8:41 of 1st period - Off-side.
8:42 of 1st period - Mark Scheifele wins face-off versus Ryan Nugent-Hopkins in neutral zone.
8:44 of 1st period - Off-side.
8:45 of 1st period - Mark Scheifele wins face-off versus Ryan Nugent-Hopkins in neutral zone.
9:02 of 1st period - Shot by Evander Kane.
9:02 of 1st period - Stopped by Marc-Andre Fleury with a rebound.
9:04 of 1st period - Shot by Evander Kane.
9:04 of 1st period - Shot Misses the Net.
9:12 of 1st period - Shot by Mark Scheifele.
9:12 of 1st period - Deflect By Nikita Kucherov.
9:12 of 1st period - Stopped by Marc-Andre Fleury without a rebound.
9:13 of 1st period - Marcus Foligno wins face-off versus Zemgus Girgensons in LAS VEGAS LIZARD KINGS zone.
9:14 of 1st period - Shot by Jean-Gabriel Pageau.
9:14 of 1st period - Stopped by Marc-Andre Fleury with a rebound.
9:20 of 1st period - Shot by Jean-Gabriel Pageau.
9:20 of 1st period - Deflect By Ryan Hartman.
9:20 of 1st period - Shot Misses the Net.
9:22 of 1st period - Shot by Jean-Gabriel Pageau.
9:22 of 1st period - Stopped by Marc-Andre Fleury without a rebound.
9:23 of 1st period - Sean Monahan wins face-off versus Logan Couture in LAS VEGAS LIZARD KINGS zone.
9:28 of 1st period - Shot by Sean Monahan.
9:28 of 1st period - Shot Misses the Net.
9:40 of 1st period - Shot by Barclay Goodrow.
9:40 of 1st period - Shot Misses the Net.
10:38 of 1st period - Icing by Marcus Foligno.
10:39 of 1st period - Jean-Gabriel Pageau wins face-off versus Jeff Skinner in SAN DIEGO THUNDER zone.
11:23 of 1st period - Derek Ryan is hit by Deryk Engelland and loses puck.
11:32 of 1st period - Shot by Evander Kane.
11:32 of 1st period - Shot Blocked by Matt Roy.
11:42 of 1st period - Shot by Mark Scheifele.
11:42 of 1st period - Shot Misses the Net.
11:52 of 1st period - Shot by Mark Scheifele.
11:52 of 1st period - Shot Misses the Net.
12:28 of 1st period - Shot by Victor Olofsson.
12:28 of 1st period - Stopped by Connor Hellebuyck without a rebound.
12:29 of 1st period - Jay Beagle wins face-off versus Sean Monahan in SAN DIEGO THUNDER zone.
12:29 of 1st period - Jay Beagle is hit by Barclay Goodrow.
12:32 of 1st period - Ryan Hartman is hit by Barclay Goodrow and loses puck.
13:18 of 1st period - Minor Penalty to Ryan Nugent-Hopkins for Holding.
13:19 of 1st period - Barclay Goodrow wins face-off versus Mark Scheifele in LAS VEGAS LIZARD KINGS zone.
14:04 of 1st period - Shot by Mark Scheifele.
14:04 of 1st period - Stopped by Marc-Andre Fleury without a rebound.
14:05 of 1st period - Jean-Gabriel Pageau wins face-off versus Barclay Goodrow in LAS VEGAS LIZARD KINGS zone.
14:20 of 1st period - Shot by Charles McAvoy.
14:20 of 1st period - Shot Misses the Net.
14:22 of 1st period - Shot by Charles McAvoy.
14:22 of 1st period - Stopped by Marc-Andre Fleury without a rebound.
14:23 of 1st period - Barclay Goodrow wins face-off versus Jean-Gabriel Pageau in LAS VEGAS LIZARD KINGS zone.
14:41 of 1st period - Icing by Ilya Mikheyev.
14:42 of 1st period - Barclay Goodrow wins face-off versus Jean-Gabriel Pageau in SAN DIEGO THUNDER zone.
14:49 of 1st period - Shot by Jean-Gabriel Pageau.
14:49 of 1st period - Stopped by Marc-Andre Fleury without a rebound.
14:50 of 1st period - Barclay Goodrow wins face-off versus Mark Scheifele in LAS VEGAS LIZARD KINGS zone.
14:59 of 1st period - Shot by Mark Scheifele.
14:59 of 1st period - Shot Blocked by Olli Maatta.
15:01 of 1st period - Shot by Rasmus Dahlin.
15:01 of 1st period - Stopped by Marc-Andre Fleury without a rebound.
15:02 of 1st period - Barclay Goodrow wins face-off versus Mark Scheifele in LAS VEGAS LIZARD KINGS zone.
15:51 of 1st period - Off-side.
15:52 of 1st period - Logan Couture wins face-off versus Derek Ryan in neutral zone.
16:03 of 1st period - Icing by Brayden McNabb.
16:04 of 1st period - Derek Ryan wins face-off versus Mark Scheifele in LAS VEGAS LIZARD KINGS zone.
16:04 of 1st period - Derek Ryan is hit by Evander Kane.
16:16 of 1st period - Shot by Mark Scheifele.
16:16 of 1st period - Shot Misses the Net.
16:18 of 1st period - Shot by Deryk Engelland.
16:18 of 1st period - Stopped by Marc-Andre Fleury without a rebound.
16:19 of 1st period - Logan Couture wins face-off versus Ryan Nugent-Hopkins in LAS VEGAS LIZARD KINGS zone.
16:19 of 1st period - Logan Couture is hit by John Marino.
16:39 of 1st period - Shot by Ilya Mikheyev.
16:39 of 1st period - Stopped by Marc-Andre Fleury without a rebound.
16:40 of 1st period - Sean Monahan wins face-off versus Jean-Gabriel Pageau in LAS VEGAS LIZARD KINGS zone.
16:40 of 1st period - Sean Monahan is hit by Marcus Foligno.
16:54 of 1st period - Shot by Jean-Gabriel Pageau.
16:54 of 1st period - Shot Blocked by Brayden McNabb.
16:58 of 1st period - Shot by Jean-Gabriel Pageau.
16:58 of 1st period - Shot Misses the Net.
17:11 of 1st period - Shot by Marcus Foligno.
17:11 of 1st period - Shot Misses the Net.
17:13 of 1st period - Shot by Marcus Foligno.
17:13 of 1st period - Deflect By Jean-Gabriel Pageau.
17:13 of 1st period - Stopped by Marc-Andre Fleury without a rebound.
17:14 of 1st period - Mark Scheifele wins face-off versus Ryan Nugent-Hopkins in LAS VEGAS LIZARD KINGS zone.
17:40 of 1st period - Shot by Evander Kane.
17:40 of 1st period - Stopped by Marc-Andre Fleury without a rebound.
17:41 of 1st period - Derek Ryan wins face-off versus Ilya Mikheyev in LAS VEGAS LIZARD KINGS zone.
17:53 of 1st period - Shot by Ilya Mikheyev.
17:53 of 1st period - Shot Misses the Net.
18:01 of 1st period - Shot by Logan Couture.
18:01 of 1st period - Shot Blocked by Matt Niskanen.
18:03 of 1st period - Shot by Ilya Mikheyev.
18:03 of 1st period - Shot Blocked by Brayden McNabb.
18:13 of 1st period - Shot by Ilya Mikheyev.
18:13 of 1st period - Stopped by Marc-Andre Fleury with a rebound.
19:22 of 1st period - Nikita Kucherov is hit by Ryan Nugent-Hopkins and loses puck.
19:41 of 1st period - Shot by Sean Monahan.
19:41 of 1st period - Stopped by Connor Hellebuyck without a rebound.
19:42 of 1st period - Jean-Gabriel Pageau wins face-off versus Sean Monahan in SAN DIEGO THUNDER zone.
19:44 of 1st period - Icing by Marcus Foligno.
19:45 of 1st period - Sean Monahan wins face-off versus Marcus Foligno in SAN DIEGO THUNDER zone.
19:55 of 1st period - Icing by Olli Maatta.
19:56 of 1st period - Sean Monahan wins face-off versus Logan Couture in LAS VEGAS LIZARD KINGS zone.
19:56 of 1st period - Sean Monahan is hit by Logan Couture.
Goals for this period are 0 for LAS VEGAS LIZARD KINGS vs 0 for SAN DIEGO THUNDER.
Shots for this period are 5 for LAS VEGAS LIZARD KINGS vs 14 for SAN DIEGO THUNDER.

2nd period


0:01 of 2nd period - Johnny Gaudreau wins face-off versus Logan Couture in neutral zone.
0:24 of 2nd period - Shot by Logan Couture.
0:24 of 2nd period - Shot Misses the Net.
2:02 of 2nd period - Shot by Jean-Gabriel Pageau.
2:02 of 2nd period - Shot Misses the Net.
2:05 of 2nd period - Icing by Olli Maatta.
2:06 of 2nd period - Mark Scheifele wins face-off versus Derek Ryan in LAS VEGAS LIZARD KINGS zone.
2:53 of 2nd period - Icing by Mark Scheifele.
2:54 of 2nd period - Ryan Nugent-Hopkins wins face-off versus Mark Scheifele in SAN DIEGO THUNDER zone.
3:10 of 2nd period - Icing by Ryan Nugent-Hopkins.
3:11 of 2nd period - Ryan Nugent-Hopkins wins face-off versus Jean-Gabriel Pageau in LAS VEGAS LIZARD KINGS zone.
3:21 of 2nd period - Minor Penalty to Brayden McNabb for Holding.
3:22 of 2nd period - Nino Niederreiter wins face-off versus Jean-Gabriel Pageau in LAS VEGAS LIZARD KINGS zone.
3:22 of 2nd period - Nino Niederreiter is hit by Jean-Gabriel Pageau.
5:28 of 2nd period - Shot by Victor Olofsson.
5:28 of 2nd period - Shot Blocked by Patrik Nemeth.
5:30 of 2nd period - Shot by Ryan Nugent-Hopkins.
5:30 of 2nd period - Shot Misses the Net.
5:46 of 2nd period - Shot by Ryan Nugent-Hopkins.
5:46 of 2nd period - Deflect By Victor Olofsson.
5:46 of 2nd period - Stopped by Connor Hellebuyck without a rebound.
5:47 of 2nd period - Derek Ryan wins face-off versus Logan Couture in SAN DIEGO THUNDER zone.
6:15 of 2nd period - Shot by David Perron.
6:15 of 2nd period - Stopped by Marc-Andre Fleury without a rebound.
6:16 of 2nd period - Jean-Gabriel Pageau wins face-off versus Sean Monahan in LAS VEGAS LIZARD KINGS zone.
6:17 of 2nd period - Shot by Marcus Foligno.
6:17 of 2nd period - Shot Misses the Net.
6:41 of 2nd period - Shot by Jean-Gabriel Pageau.
6:41 of 2nd period - Stopped by Marc-Andre Fleury without a rebound.
6:42 of 2nd period - Mark Scheifele wins face-off versus Ryan Nugent-Hopkins in LAS VEGAS LIZARD KINGS zone.
6:43 of 2nd period - Shot by Nikita Kucherov.
6:43 of 2nd period - Shot Blocked by Brayden McNabb.
6:45 of 2nd period - Shot by Nikita Kucherov.
6:45 of 2nd period - Stopped by Marc-Andre Fleury without a rebound.
6:46 of 2nd period - Ryan Nugent-Hopkins wins face-off versus Mark Scheifele in LAS VEGAS LIZARD KINGS zone.
6:55 of 2nd period - Shot by Johnny Gaudreau.
6:55 of 2nd period - Deflect By Ryan Nugent-Hopkins.
6:55 of 2nd period - Stopped by Connor Hellebuyck without a rebound.
6:56 of 2nd period - Mark Scheifele wins face-off versus Johnny Gaudreau in SAN DIEGO THUNDER zone.
7:20 of 2nd period - Shot by Johnny Gaudreau.
7:20 of 2nd period - Goal by Johnny Gaudreau - LAS VEGAS LIZARD KINGS : 1 - SAN DIEGO THUNDER : 0.
7:21 of 2nd period - Sean Monahan wins face-off versus Logan Couture in neutral zone.
7:48 of 2nd period - Shot by Nino Niederreiter.
7:48 of 2nd period - Shot Blocked by Charles McAvoy.
8:32 of 2nd period - Ryan Nugent-Hopkins is hit by Marcus Foligno and loses puck.
8:51 of 2nd period - Minor Penalty to Victor Olofsson for Hooking.
8:52 of 2nd period - Barclay Goodrow wins face-off versus Evander Kane in LAS VEGAS LIZARD KINGS zone.
10:20 of 2nd period - Shot by Ilya Mikheyev.
10:20 of 2nd period - Stopped by Marc-Andre Fleury with a rebound.
10:22 of 2nd period - Shot by Ilya Mikheyev.
10:22 of 2nd period - Shot Misses the Net.
11:51 of 2nd period - Icing by John Marino.
11:52 of 2nd period - Drake Caggiula wins face-off versus Evander Kane in LAS VEGAS LIZARD KINGS zone.
12:51 of 2nd period - Icing by Matt Roy.
12:52 of 2nd period - Logan Couture wins face-off versus Sean Monahan in LAS VEGAS LIZARD KINGS zone.
12:53 of 2nd period - Shot by David Perron.
12:53 of 2nd period - Shot Misses the Net.
12:55 of 2nd period - Shot by Logan Couture.
12:55 of 2nd period - Stopped by Marc-Andre Fleury with a rebound.
13:20 of 2nd period - Logan Couture is hit by Olli Maatta and loses puck.
13:23 of 2nd period - Shot by Ilya Mikheyev.
13:23 of 2nd period - Deflect By Logan Couture.
13:23 of 2nd period - Goal by Logan Couture - LAS VEGAS LIZARD KINGS : 1 - SAN DIEGO THUNDER : 1.
13:24 of 2nd period - Ryan Nugent-Hopkins wins face-off versus Jean-Gabriel Pageau in neutral zone.
13:26 of 2nd period - Off-side.
13:27 of 2nd period - Jean-Gabriel Pageau wins face-off versus Ryan Nugent-Hopkins in neutral zone.
13:38 of 2nd period - Shot by Jean-Gabriel Pageau.
13:38 of 2nd period - Shot Misses the Net.
13:40 of 2nd period - Shot by Marcus Foligno.
13:40 of 2nd period - Stopped by Marc-Andre Fleury without a rebound.
13:41 of 2nd period - Derek Ryan wins face-off versus Mark Scheifele in LAS VEGAS LIZARD KINGS zone.
13:52 of 2nd period - Shot by Mark Scheifele.
13:52 of 2nd period - Stopped by Marc-Andre Fleury with a rebound.
14:52 of 2nd period - Shot by Ryan Nugent-Hopkins.
14:52 of 2nd period - Shot Hit the Post.
14:54 of 2nd period - Shot by Victor Olofsson.
14:54 of 2nd period - Stopped by Connor Hellebuyck without a rebound.
14:55 of 2nd period - Sean Monahan wins face-off versus Logan Couture in SAN DIEGO THUNDER zone.
15:09 of 2nd period - Ilya Mikheyev is hit by Barclay Goodrow and loses puck.
15:24 of 2nd period - Barclay Goodrow is hit by Logan Couture and loses puck.
15:33 of 2nd period - Shot by David Perron.
15:33 of 2nd period - Goal by David Perron - LAS VEGAS LIZARD KINGS : 1 - SAN DIEGO THUNDER : 2.
15:34 of 2nd period - Ryan Nugent-Hopkins wins face-off versus Ryan Hartman in neutral zone.
15:51 of 2nd period - Off-side.
15:52 of 2nd period - Jay Beagle wins face-off versus Zemgus Girgensons in neutral zone.
16:03 of 2nd period - Icing by John Marino.
16:04 of 2nd period - Logan Couture wins face-off versus Zemgus Girgensons in LAS VEGAS LIZARD KINGS zone.
16:11 of 2nd period - Shot by David Perron.
16:11 of 2nd period - Stopped by Marc-Andre Fleury without a rebound.
16:12 of 2nd period - Logan Couture wins face-off versus Ryan Nugent-Hopkins in LAS VEGAS LIZARD KINGS zone.
16:21 of 2nd period - Shot by Logan Couture.
16:21 of 2nd period - Shot Blocked by Matt Niskanen.
16:37 of 2nd period - Shot by Logan Couture.
16:37 of 2nd period - Shot Blocked by Matt Niskanen.
17:02 of 2nd period - Icing by Connor Murphy.
17:03 of 2nd period - Sean Monahan wins face-off versus Logan Couture in SAN DIEGO THUNDER zone.
17:26 of 2nd period - Shot by Jean-Gabriel Pageau.
17:26 of 2nd period - Stopped by Marc-Andre Fleury without a rebound.
17:27 of 2nd period - Derek Ryan wins face-off versus Mark Scheifele in LAS VEGAS LIZARD KINGS zone.
17:27 of 2nd period - Derek Ryan is hit by Evander Kane.
17:48 of 2nd period - Shot by Mark Scheifele.
17:48 of 2nd period - Shot Misses the Net.
17:50 of 2nd period - Shot by Evander Kane.
17:50 of 2nd period - Shot Misses the Net.
19:09 of 2nd period - Icing by Jeff Skinner.
19:10 of 2nd period - Logan Couture wins face-off versus Jeff Skinner in LAS VEGAS LIZARD KINGS zone.
19:11 of 2nd period - Shot by David Perron.
19:11 of 2nd period - Shot Misses the Net.
19:13 of 2nd period - Shot by David Perron.
19:13 of 2nd period - Stopped by Marc-Andre Fleury without a rebound.
19:14 of 2nd period - Ryan Nugent-Hopkins wins face-off versus Ilya Mikheyev in LAS VEGAS LIZARD KINGS zone.
19:21 of 2nd period - Shot by Logan Couture.
19:21 of 2nd period - Shot Misses the Net.
19:25 of 2nd period - Shot by David Perron.
19:25 of 2nd period - Deflect By Logan Couture.
19:25 of 2nd period - Shot Misses the Net.
Goals for this period are 1 for LAS VEGAS LIZARD KINGS vs 2 for SAN DIEGO THUNDER.
Shots for this period are 4 for LAS VEGAS LIZARD KINGS vs 12 for SAN DIEGO THUNDER.

3rd period


0:01 of 3rd period - Barclay Goodrow wins face-off versus Mark Scheifele in neutral zone.
0:01 of 3rd period - Nino Niederreiter is hit by Evander Kane and loses puck.
0:23 of 3rd period - Icing by Erik Johnson.
0:24 of 3rd period - Mark Scheifele wins face-off versus Ryan Nugent-Hopkins in SAN DIEGO THUNDER zone.
0:43 of 3rd period - Shot by Johnny Gaudreau.
0:43 of 3rd period - Shot Misses the Net.
0:46 of 3rd period - Minor Penalty to Erik Johnson for Elbowing.
0:47 of 3rd period - Jean-Gabriel Pageau wins face-off versus Barclay Goodrow in SAN DIEGO THUNDER zone.
0:47 of 3rd period - Jean-Gabriel Pageau is hit by Barclay Goodrow.
2:08 of 3rd period - Shot by Ryan Nugent-Hopkins.
2:08 of 3rd period - Shot Blocked by Charles McAvoy.
2:14 of 3rd period - Shot by Ryan Nugent-Hopkins.
2:14 of 3rd period - Stopped by Connor Hellebuyck with a rebound.
2:16 of 3rd period - Shot by Ryan Nugent-Hopkins.
2:16 of 3rd period - Stopped by Connor Hellebuyck without a rebound.
2:17 of 3rd period - Logan Couture wins face-off versus Barclay Goodrow in SAN DIEGO THUNDER zone.
2:22 of 3rd period - Shot by Marcus Foligno.
2:22 of 3rd period - Deflect By Logan Couture.
2:22 of 3rd period - Shot Misses the Net.
2:30 of 3rd period - Shot by Johnny Gaudreau.
2:30 of 3rd period - Stopped by Connor Hellebuyck with a rebound.
2:37 of 3rd period - Jeff Skinner is hit by Deryk Engelland and loses puck.
2:52 of 3rd period - Shot by Evan Rodrigues.
2:52 of 3rd period - Shot Misses the Net.
2:56 of 3rd period - Shot by Zemgus Girgensons.
2:56 of 3rd period - Shot Blocked by Patrik Nemeth.
3:12 of 3rd period - Shot by Mark Scheifele.
3:12 of 3rd period - Shot Misses the Net.
3:43 of 3rd period - Shot by Ryan Nugent-Hopkins.
3:43 of 3rd period - Stopped by Connor Hellebuyck with a rebound.
4:11 of 3rd period - Shot by Victor Olofsson.
4:11 of 3rd period - Shot Blocked by Nikita Kucherov.
5:07 of 3rd period - Shot by Logan Couture.
5:07 of 3rd period - Stopped by Marc-Andre Fleury without a rebound.
5:08 of 3rd period - Jean-Gabriel Pageau wins face-off versus Derek Ryan in LAS VEGAS LIZARD KINGS zone.
5:19 of 3rd period - Shot by Jeff Skinner.
5:19 of 3rd period - Stopped by Connor Hellebuyck with a rebound.
5:21 of 3rd period - Shot by Olli Maatta.
5:21 of 3rd period - Stopped by Connor Hellebuyck without a rebound.
5:22 of 3rd period - Jay Beagle wins face-off versus Zemgus Girgensons in SAN DIEGO THUNDER zone.
5:37 of 3rd period - Shot by Jay Beagle.
5:37 of 3rd period - Stopped by Marc-Andre Fleury without a rebound.
5:38 of 3rd period - Ryan Nugent-Hopkins wins face-off versus Logan Couture in LAS VEGAS LIZARD KINGS zone.
6:08 of 3rd period - Shot by David Perron.
6:08 of 3rd period - Shot Misses the Net.
6:32 of 3rd period - Icing by David Perron.
6:33 of 3rd period - Logan Couture wins face-off versus Sean Monahan in SAN DIEGO THUNDER zone.
7:53 of 3rd period - Shot by Evander Kane.
7:53 of 3rd period - Stopped by Marc-Andre Fleury without a rebound.
7:54 of 3rd period - Mark Scheifele wins face-off versus Ryan Nugent-Hopkins in LAS VEGAS LIZARD KINGS zone.
7:58 of 3rd period - Nikita Kucherov is hit by Matt Roy.
8:04 of 3rd period - Evander Kane is hit by Ryan Nugent-Hopkins and loses puck.
8:15 of 3rd period - Shot by Ryan Nugent-Hopkins.
8:15 of 3rd period - Shot Misses the Net.
8:28 of 3rd period - Shot by Ryan Nugent-Hopkins.
8:28 of 3rd period - Shot Misses the Net.
8:30 of 3rd period - Shot by Olli Maatta.
8:30 of 3rd period - Shot Blocked by Mark Borowiecki.
8:32 of 3rd period - Shot by Ryan Nugent-Hopkins.
8:32 of 3rd period - Stopped by Connor Hellebuyck without a rebound.
8:33 of 3rd period - Sean Monahan wins face-off versus Logan Couture in SAN DIEGO THUNDER zone.
8:48 of 3rd period - Shot by David Perron.
8:48 of 3rd period - Stopped by Marc-Andre Fleury without a rebound.
8:49 of 3rd period - Jean-Gabriel Pageau wins face-off versus Derek Ryan in LAS VEGAS LIZARD KINGS zone.
8:59 of 3rd period - Ryan Hartman is hit by Nick Leddy.
9:01 of 3rd period - Shot by Jean-Gabriel Pageau.
9:01 of 3rd period - Deflect By Ryan Hartman.
9:01 of 3rd period - Stopped by Marc-Andre Fleury without a rebound.
9:02 of 3rd period - Sean Monahan wins face-off versus Logan Couture in LAS VEGAS LIZARD KINGS zone.
9:09 of 3rd period - Shot by Nino Niederreiter.
9:09 of 3rd period - Shot Misses the Net.
9:16 of 3rd period - Icing by Erik Johnson.
9:17 of 3rd period - Ryan Nugent-Hopkins wins face-off versus Logan Couture in SAN DIEGO THUNDER zone.
9:19 of 3rd period - Victor Olofsson is hit by Connor Murphy and loses puck.
9:26 of 3rd period - Shot by Ryan Nugent-Hopkins.
9:26 of 3rd period - Shot Misses the Net.
9:28 of 3rd period - Shot by Ryan Nugent-Hopkins.
9:28 of 3rd period - Stopped by Connor Hellebuyck without a rebound.
9:29 of 3rd period - Sean Monahan wins face-off versus Jean-Gabriel Pageau in SAN DIEGO THUNDER zone.
9:42 of 3rd period - Shot by Marcus Foligno.
9:42 of 3rd period - Stopped by Marc-Andre Fleury with a rebound.
9:50 of 3rd period - Shot by Ryan Hartman.
9:50 of 3rd period - Shot Misses the Net.
9:59 of 3rd period - Minor Penalty to Matt Niskanen for Roughing.
10:00 of 3rd period - Mark Scheifele wins face-off versus Barclay Goodrow in LAS VEGAS LIZARD KINGS zone.
11:46 of 3rd period - Olli Maatta is hit by Jean-Gabriel Pageau and loses puck.
12:01 of 3rd period - Ryan Nugent-Hopkins is hit by Jay Beagle and loses puck.
12:14 of 3rd period - Shot by Ryan Nugent-Hopkins.
12:14 of 3rd period - Shot Blocked by Patrik Nemeth.
12:18 of 3rd period - Shot by Ryan Nugent-Hopkins.
12:18 of 3rd period - Stopped by Connor Hellebuyck without a rebound.
12:19 of 3rd period - Derek Ryan wins face-off versus Evander Kane in SAN DIEGO THUNDER zone.
12:21 of 3rd period - Drake Caggiula is hit by Deryk Engelland.
12:32 of 3rd period - Icing by Patrik Nemeth.
12:33 of 3rd period - Mark Scheifele wins face-off versus Ryan Nugent-Hopkins in SAN DIEGO THUNDER zone.
12:43 of 3rd period - Minor Penalty to Deryk Engelland for Hooking.
12:44 of 3rd period - Jean-Gabriel Pageau wins face-off versus Victor Olofsson in SAN DIEGO THUNDER zone.
13:03 of 3rd period - Off-side.
13:04 of 3rd period - Barclay Goodrow wins face-off versus Jean-Gabriel Pageau in neutral zone.
13:40 of 3rd period - Shot by Jeff Skinner.
13:40 of 3rd period - Shot Misses the Net.
13:42 of 3rd period - Shot by Nino Niederreiter.
13:42 of 3rd period - Stopped by Connor Hellebuyck with a rebound.
14:19 of 3rd period - Shot by Nick Leddy.
14:19 of 3rd period - Stopped by Connor Hellebuyck with a rebound.
14:21 of 3rd period - Shot by Matt Niskanen.
14:21 of 3rd period - Shot Misses the Net.
14:23 of 3rd period - Shot by Matt Niskanen.
14:23 of 3rd period - Goal by Matt Niskanen - LAS VEGAS LIZARD KINGS : 2 - SAN DIEGO THUNDER : 2.
14:24 of 3rd period - Zemgus Girgensons wins face-off versus Nikita Kucherov in neutral zone.
14:27 of 3rd period - Mark Scheifele is hit by Zemgus Girgensons and loses puck.
15:25 of 3rd period - Evan Rodrigues is hit by Mark Borowiecki and loses puck.
15:40 of 3rd period - Shot by Sean Monahan.
15:40 of 3rd period - Shot Blocked by Charles McAvoy.
17:01 of 3rd period - Shot by Jean-Gabriel Pageau.
17:01 of 3rd period - Stopped by Marc-Andre Fleury with a rebound.
17:03 of 3rd period - Shot by Erik Johnson.
17:03 of 3rd period - Stopped by Marc-Andre Fleury with a rebound.
17:18 of 3rd period - Minor Penalty to Deryk Engelland for Roughing.
17:19 of 3rd period - Jean-Gabriel Pageau wins face-off versus Victor Olofsson in SAN DIEGO THUNDER zone.
17:42 of 3rd period - Shot by Johnny Gaudreau.
17:42 of 3rd period - Stopped by Connor Hellebuyck without a rebound.
17:43 of 3rd period - Jean-Gabriel Pageau wins face-off versus Barclay Goodrow in SAN DIEGO THUNDER zone.
19:17 of 3rd period - Shot by Drake Caggiula.
19:17 of 3rd period - Stopped by Connor Hellebuyck without a rebound.
19:18 of 3rd period - Bobby Ryan wins face-off versus Mark Scheifele in SAN DIEGO THUNDER zone.
19:38 of 3rd period - Shot by Bobby Ryan.
19:38 of 3rd period - Shot Misses the Net.
19:40 of 3rd period - Shot by Bobby Ryan.
19:40 of 3rd period - Stopped by Connor Hellebuyck without a rebound.
19:41 of 3rd period - Logan Couture wins face-off versus Derek Ryan in SAN DIEGO THUNDER zone.
19:48 of 3rd period - Shot by Ilya Mikheyev.
19:48 of 3rd period - Shot Misses the Net.
19:54 of 3rd period - Shot by Logan Couture.
19:54 of 3rd period - Stopped by Marc-Andre Fleury without a rebound.
19:55 of 3rd period - Mark Scheifele wins face-off versus Ryan Nugent-Hopkins in LAS VEGAS LIZARD KINGS zone.
Goals for this period are 1 for LAS VEGAS LIZARD KINGS vs 0 for SAN DIEGO THUNDER.
Shots for this period are 15 for LAS VEGAS LIZARD KINGS vs 9 for SAN DIEGO THUNDER.

Overtime #1


0:01 of 1st overtime period - Sean Monahan wins face-off versus Mark Scheifele in neutral zone.
0:06 of 1st overtime period - Shot by Johnny Gaudreau.
0:06 of 1st overtime period - Stopped by Connor Hellebuyck with a rebound.
0:14 of 1st overtime period - Shot by Johnny Gaudreau.
0:14 of 1st overtime period - Shot Misses the Net.
0:24 of 1st overtime period - Shot by Mark Scheifele.
0:24 of 1st overtime period - Shot Misses the Net.
0:26 of 1st overtime period - Shot by Charles McAvoy.
0:26 of 1st overtime period - Stopped by Marc-Andre Fleury with a rebound.
0:46 of 1st overtime period - Shot by David Perron.
0:46 of 1st overtime period - Shot Misses the Net.
0:48 of 1st overtime period - Shot by Mark Scheifele.
0:48 of 1st overtime period - Shot Misses the Net.
0:50 of 1st overtime period - Shot by David Perron.
0:50 of 1st overtime period - Shot Misses the Net.
1:12 of 1st overtime period - Shot by Evander Kane.
1:12 of 1st overtime period - Shot Misses the Net.
1:28 of 1st overtime period - Shot by Evander Kane.
1:28 of 1st overtime period - Stopped by Marc-Andre Fleury without a rebound.
1:29 of 1st overtime period - Barclay Goodrow wins face-off versus Evander Kane in LAS VEGAS LIZARD KINGS zone.
1:35 of 1st overtime period - Icing by Erik Johnson.
1:36 of 1st overtime period - Evander Kane wins face-off versus Sean Monahan in SAN DIEGO THUNDER zone.
1:44 of 1st overtime period - Icing by Brayden McNabb.
1:45 of 1st overtime period - Sean Monahan wins face-off versus Mark Scheifele in LAS VEGAS LIZARD KINGS zone.
2:41 of 1st overtime period - Off-side.
2:42 of 1st overtime period - Evander Kane wins face-off versus Barclay Goodrow in neutral zone.
2:45 of 1st overtime period - Shot by David Perron.
2:45 of 1st overtime period - Shot Misses the Net.
2:57 of 1st overtime period - Shot by Evander Kane.
2:57 of 1st overtime period - Stopped by Marc-Andre Fleury without a rebound.
2:58 of 1st overtime period - Sean Monahan wins face-off versus Evander Kane in LAS VEGAS LIZARD KINGS zone.
3:15 of 1st overtime period - Shot by Evander Kane.
3:15 of 1st overtime period - Shot Blocked by Matt Niskanen.
3:27 of 1st overtime period - Shot by Evander Kane.
3:27 of 1st overtime period - Deflect By David Perron.
3:27 of 1st overtime period - Stopped by Marc-Andre Fleury with a rebound.
3:37 of 1st overtime period - Shot by David Perron.
3:37 of 1st overtime period - Deflect By Evander Kane.
3:37 of 1st overtime period - Shot Misses the Net.
4:08 of 1st overtime period - Icing by Nikita Kucherov.
4:09 of 1st overtime period - Barclay Goodrow wins face-off versus Mark Scheifele in SAN DIEGO THUNDER zone.
4:24 of 1st overtime period - Shot by Nino Niederreiter.
4:24 of 1st overtime period - Deflect By Barclay Goodrow.
4:24 of 1st overtime period - Shot Misses the Net.
Goals for this period are 0 for LAS VEGAS LIZARD KINGS vs 0 for SAN DIEGO THUNDER.
Shots for this period are 1 for LAS VEGAS LIZARD KINGS vs 4 for SAN DIEGO THUNDER.

ShootOut


5:00 of 1st overtime period - Round #1.
5:00 of 1st overtime period - LAS VEGAS LIZARD KINGS, Johnny Gaudreau.
5:00 of 1st overtime period - Goal by Johnny Gaudreau.
5:00 of 1st overtime period - SAN DIEGO THUNDER, Mark Scheifele.
5:00 of 1st overtime period - Goal by Mark Scheifele.
5:00 of 1st overtime period - Round #2.
5:00 of 1st overtime period - LAS VEGAS LIZARD KINGS, Sean Monahan.
5:00 of 1st overtime period - Goal by Sean Monahan.
5:00 of 1st overtime period - SAN DIEGO THUNDER, David Perron.
5:00 of 1st overtime period - Stopped by Marc-Andre Fleury.
5:00 of 1st overtime period - Round #3.
5:00 of 1st overtime period - LAS VEGAS LIZARD KINGS, Ryan Nugent-Hopkins.
5:00 of 1st overtime period - Stopped by Connor Hellebuyck.
5:00 of 1st overtime period - SAN DIEGO THUNDER, Evander Kane.
5:00 of 1st overtime period - Stopped by Marc-Andre Fleury.


JOHNNY
GAUDREAU
MATTHEW
BOLDY
OWEN
TIPPETT

EAST COAST

HOCKEY LEAGUE

  • 29.PIT6MAN7
  • 30.ATL6NHW2
  • 31.WOR4PET3
  • 32.3RHI4
  • 33.CHIQUE
  • 34.LIMCHA
  • 35.LONTRV
  • 36.BALCHW